 Dungeon Crawl Stone Soup version 0.22.1-1-ga44c0e56f4 (webtiles) character file.

48 Gargoyl the Skirmisher (level 3, -1/33 HPs)
             Began as a Centaur Abyssal Knight on Nov 9, 2018.
             Was a Believer of Lugonu.
             Slain by an ice beast (7 damage)
             ... on level 2 of the Dungeon.
             The game lasted 00:01:44 (1140 turns).

Gargoyl the Skirmisher (Centaur Abyssal Knight)     Turns: 1140, Time: 00:01:44

Health: -1/33      AC:  6    Str: 14    XL:     3   Next: 50%
Magic:  4/4        EV: 14    Int: 11    God:    Lugonu [**....]
Gold:   39         SH:  0    Dex: 14    Spells: 2/2 levels left

rFire    . . .     SeeInvis .   a - +1 hand axe
rCold    . . .     Gourm    .   (no shield)
rNeg     . . .     Faith    .   b - +0 leather armour
rPois    .         Spirit   .   (no helmet)
rElec    .         Reflect  .   (no cloak)
rCorr    .         Harm     .   e - +1 pair of gloves
MR       .....                  (no barding)
Stlth    ++........             (no amulet)
HPRegen  0.11/turn              (no ring)
MPRegen  0.09/turn              (no ring)

@: agile, lethally poisoned (-1 -> -6), very quick
A: large, hooves 3, deformed body, speed 2, tough skin 3
a: Depart the Abyss, Bend Space, Renounce Religion


You were on level 2 of the Dungeon.
You worshipped Lugonu.
Lugonu was pleased with you.
You were not hungry.

You visited 1 branch of the dungeon, and saw 2 of its levels.
You visited the Abyss 1 time.

You collected 39 gold pieces.

Inventory:

Hand Weapons
 a - a +1 hand axe (weapon)
Armour
 b - a +0 leather armour (worn)
 e - a +1 pair of gloves (worn)
Scrolls
 d - 2 scrolls of identify
 h - a scroll of fog {unknown}
 i - 4 scrolls of remove curse {unknown}
Potions
 f - a potion of mutation {unknown}
 j - a potion of cancellation {unknown}
 k - a potion of lignification {unknown}
Comestibles
 c - 3 rations


   Skills:
 + Level 3.7 Fighting
 + Level 2.4 Axes
 + Level 1.6 Armour
 + Level 0.8 Dodging
 + Level 2.1 Invocations


You had 2 spell levels left.
You didn't know any spells.
Your spell library was empty.

Dungeon Overview and Level Annotations

Branches:
Dungeon (2/15)

Altars:

Annotations:
D:2 Robin


Innate Abilities, Weirdness & Mutations

You have hooves in place of feet.
Armour fits poorly on your strangely shaped body.
You cover ground very quickly.
You have extremely tough skin. (AC +3)


Message History

The rat bites you but does no damage. The goblin hits you but does no damage.
You barely miss the goblin.
The goblin is severely wounded.
You closely miss the goblin. You hit the ice beast. You hit the rat.
The goblin barely misses you. The rat completely misses you.
The ice beast hits you but does no damage.
The goblin closely misses you.
Unknown command.
You miss the goblin. Your kick misses the goblin.
The goblin is severely wounded.
You hit the goblin.
You kill the goblin!
Lugonu accepts your kill.
You can now bend space around yourself.
You hit the ice beast but do no damage. You closely miss the rat.
You feel sick. The rat bites you but does no damage.
Robin points. "Kill!"
The ice beast hits you.
* * * LOW HITPOINT WARNING * * *
The ice beast freezes you!
You die...

.....#.........###
#.........(.<....
#..............#
....##..........#
## ###
#..........#...
#............
####.......# #
##g##g#.#... .##[
#.gr@)...... .w...
##.g##Y#.###.
#...g##...# .#
#..).w..# .#
#..##)#.# .# ....
..#.# .. ....
..##.# .. .#. #..
... .. .. ..> ..


You could see an ice beast, a worm, Robin, 2 hobgoblins, a goblin and a rat.

Vanquished Creatures
  An adder (D:2)
  A leopard gecko (D:1)
  A ball python (D:2)
  A giant cockroach (D:1)
  7 goblins
  4 hobgoblins
  7 jackals (D:1)
  2 kobolds (D:1)
  3 bats (D:1)
  A frilled lizard (D:1)
  5 rats (D:1)
33 creatures vanquished.

Notes
Turn   | Place    | Note
-------+----------+-------------------------------------------
     0 | Abyss:1  | Gargoyl the Centaur Abyssal Knight began the quest for the
                  | Orb.
     0 | Abyss:1  | Reached XP level 1. HP: 19/19 MP: 2/2
    92 | Abyss:2  | Noticed a hellwing
   180 | Abyss:2  | Noticed a large abomination
   185 | Abyss:2  | Noticed a glowing shapeshifter
   185 | Abyss:2  | Noticed a glowing orange brain
   185 | Abyss:2  | a glowing shapeshifter changed into a glowing orange brain
   188 | Abyss:2  | Noticed an eye of devastation
   188 | Abyss:2  | a glowing orange brain changed into an eye of devastation
   189 | D:1      | Escaped the Abyss
   194 | D:1      | Reached * piety under Lugonu
   287 | D:1      | Reached XP level 2. HP: 25/26 MP: 3/3
  1113 | D:2      | Noticed Robin
  1117 | D:2      | Reached XP level 3. HP: 31/31 MP: 4/4
  1133 | D:2      | Noticed an ice beast
  1140 | D:2      | Reached ** piety under Lugonu
  1140 | D:2      | Slain by an ice beast

Skill      XL: |  1 |
---------------+----+-----
Axes           | 2 |  2.4
Fighting       | |  3.7
Armour         | |  1.6
Dodging        | |  0.8
Invocations    | |  2.1

Action                   || total
-------------------------++-------
Melee: Hand axe          ||    57
       Kick              ||     9
Invok: Depart the Abyss  ||     1
  Use: Scroll            ||     3
       Potion            ||     1
Armor: Leather armour    ||    58
Dodge: Dodged            ||    55
